 Dungeon Crawl Stone Soup version 0.28-a0-503-g83f2989fac (webtiles) character file.

Game seed: 10461725090631813751

0 spiderkeys the Skirmisher (level 1, -5/23 HPs)
             Began as a Gnoll Abyssal Knight on Sept 21, 2021.
             Was a Follower of Lugonu.
             Killed from afar by a raiju (12 damage)
             ... with a living lightning
             ... on level 1 of the Abyss.
             The game lasted 00:00:52 (302 turns).

spiderkeys the Skirmisher (Gnoll Abyssal Knight)     Turns: 302, Time: 00:00:53

Health: -5/23      AC:  3    Str: 12    XL:     1   Next: 0%
Magic:  3/3        EV: 12    Int:  9    God:    Lugonu [*.....]
Gold:   0          SH:  0    Dex: 12    Spells: 0/0 levels left

rFire   . . .      SeeInvis .   a - +1 spear
rCold   . . .      Faith    .   (no shield)
rNeg    . . .      Spirit   .   b - +0 leather armour
rPois   .          Reflect  .   (no helmet)
rElec   .          Harm     .   (no cloak)
rCorr   .          Rampage  .   (no gloves)
Will    .....                   (no boots)
Stlth   +.........              (no amulet)
HPRegen 0.07/turn               (no ring)
MPRegen 0.08/turn               (no ring)

@: no status effects
A: fangs 1, strong nose, distributed training
a: Renounce Religion, Depart the Abyss


You were on level 1 of the Abyss.
You worshipped Lugonu.
Lugonu was aware of your devotion.
You visited 0 branches of the dungeon, and saw 0 of its levels.
You visited the Abyss 1 time.


Innate Abilities, Weirdness & Mutations

You have very sharp teeth.
Your uncanny sense of smell can sniff out nearby items.
Your experience applies equally to all skills.


   Skills:
 + Level 6.4 Fighting
 + Level 0.0 Short Blades
 + Level 0.0 Long Blades
 + Level 0.0 Axes
 + Level 0.0 Maces & Flails
 + Level 4.4 Polearms
 + Level 0.0 Staves
 + Level 0.0 Slings
 + Level 0.0 Bows
 + Level 0.0 Crossbows
 + Level 0.0 Throwing
 + Level 4.4 Armour
 + Level 2.3 Dodging
 + Level 0.0 Stealth
 + Level 0.0 Shields
 + Level 0.0 Unarmed Combat
 + Level 0.0 Spellcasting
 + Level 0.0 Conjurations
 + Level 0.0 Hexes
 + Level 0.0 Summonings
 + Level 0.0 Necromancy
 + Level 0.0 Translocations
 + Level 0.0 Transmutations
 + Level 0.0 Fire Magic
 + Level 0.0 Ice Magic
 + Level 0.0 Air Magic
 + Level 0.0 Earth Magic
 + Level 0.0 Poison Magic
 + Level 4.4 Invocations
 + Level 0.0 Evocations


You couldn't memorise any spells.
You didn't know any spells.
Your spell library contained the following spells:

 Spells                   Type           Power      Damage    Failure   Level
 Freeze                   Ice            0%         1d3       45%         1
 Frozen Ramparts          Ice            0%         1d2       83%         3
 Hailstorm                Conj/Ice       0%         3d3       99%         4

Inventory:

Hand Weapons
 a - a +1 spear (weapon)
Armour
 b - a +0 leather armour (worn)
Potions
 c - 2 potions of heal wounds {unknown}

Dungeon Overview and Level Annotations

Branches:
Dungeon (0/15)

Altars:

Annotations:
Abyss:1 1 transporter

...#
........#.####.#
..
...........###.#(#
#.#.#...#.#.#
..#h# ...
#..#.###.#...##
##. #...##..###.##
##.##.#..# #....##
∆ # .# ##.#..#..h#
..# . .#. #.....##
. # ##...####@# #
####... #..# # .
.#. ..#.# .#. .#
#.....## # . ##.#
# . . .... .## . #
#.# #. #.


You could see a raiju.


Message History

🤖 Initializing magus.rc ...
Options error: Delay interrupt name "hungry" not recognised. (~/.crawlrc:4988) ✅ Successfully initialized magus.rc [v1.9.10] Welcome, spiderkeys the Gnoll Abyssal Knight.
Will you prevail where others failed? Will you find the Orb of Zot?
Lugonu says: Depart the Abyss and spread corruption, my servant! (use the ability menu to exit the Abyss) Press ? for a list of commands and other information.
Found 2 green potions.
Found two corrupted altars of Lugonu.
A lurking horror comes into view.
You see here 2 green potions.
c - 2 green potions
There is a corrupted altar of Lugonu here.
You see here a book of Frost.
You pick up a book of Frost and begin reading...
You add the spells Freeze, Frozen Ramparts and Hailstorm to your library.
Your body is wracked with pain! 😮 HP[-10]
You take 10 damage, and now have 13/23 hp.
MASSIVE DAMAGE!! (PAUSE) 😮 HP[+1]
You see here a +0 robe.
There is a corrupted altar of Lugonu here. 😮 HP[+1]
A tentacled starspawn comes into view.
A bone dragon and a neqoxec come into view.
The neqoxec shouts!
A vampire comes into view.
There is a transporter here.
You enter the transporter and appear at another place.
The wind drake hisses angrily.
The wind drake changes into a black mamba! 😮 HP[+1]
You start resting. 😎 HP[+7]
Your hp is fully restored (23).
You start waiting.
You are suddenly pulled into a different region of the Abyss!
d - a scroll labelled SEUMIOMPI KISU A spatial vortex comes into view.
A raiju comes into view.
The raiju barks!
The raiju bursts into living lightning!
The living lightning hits you!
Ouch! That really hurt!
* * * LOW HITPOINT WARNING * * *
The raiju blinks! x2 😨 HP[-17]
You take 17 damage, and now have 6/23 hp.
MASSIVE DAMAGE!! (PAUSE)
As you read the scroll labelled SEUMIOMPI KISU, it crumbles to dust.
You hear a loud clanging noise!
It was a scroll of noise.
You hear a bark! x2; You hear a roar!
The raiju barely misses you.
A raiju comes into view. 😨 HP[+1]
The raiju bursts into living lightning!
The living lightning hits you!
Ouch! That really hurt!
You die...

Action                   || total
-------------------------++-------
  Use: Scroll            ||     1
Dodge: Dodged            ||     1

Levels and vault maps discovered:
Abyss:1:  base: Temple, base:
Temple

Notes
Turn   | Place    | Note
-------+----------+-------------------------------------------
     0 | Abyss:1  | spiderkeys the Gnoll Abyssal Knight began the quest for the
                  | Orb.
     0 | Abyss:1  | Reached XP level 1. HP: 23/23 MP: 3/3
     0 | Abyss:1  | magus.rc [v1.9.10]
     8 | Abyss:1  | You pick up a book of Frost and begin reading...
     8 | Abyss:1  | You add the spells Freeze, Frozen Ramparts and Hailstorm to
                  | your library.
    29 | Abyss:1  | Noticed a tentacled starspawn
    30 | Abyss:1  | Noticed a neqoxec
    30 | Abyss:1  | Noticed a bone dragon
    30 | Abyss:1  | Noticed a vampire
    33 | Abyss:1  | Noticed a wind drake
    36 | Abyss:1  | Noticed a black mamba
    36 | Abyss:1  | a wind drake changed into a black mamba
   286 | Abyss:1  | Noticed a spatial vortex
   295 | Abyss:1  | Noticed a raiju
   299 | Abyss:1  | Noticed a raiju
   302 | Abyss:1  | Killed from afar by a raiju

Vanquished Creatures (others)
  A lurking horror (Abyss:1)
1 creature vanquished.

Table legend:
 A = Non-vault XP
 B = Vault XP
 C = Vault XP percentage of total XP
 D = Non-vault monster count
 E = Vault monster count
 F = Vault count percentage of total count
                 A         B        C        D         E       F
            +---------+---------+-------+---------+---------+-------
      Total |       0 |       0 |   N/A |       0 |       0 |  -nan
            +---------+---------+-------+---------+---------+-------
            +---------+---------+-------+---------+---------+-------

Illustrated notes

Table legend: (Time is in decaauts)
 A = Elapsed time spent in this place.
 B = Non-inter-level travel time spent in this place.
 C = Inter-level travel time spent in this place.
 D = Time resting spent in this place.
 E = Time spent auto-exploring this place.
 F = Levels seen in this place.
 G = Mean time per level.
                   A        B        C        D        E       F      G
               +--------+--------+--------+--------+--------+-----+--------+
         Total |    302 |    302 |      0 |    171 |     66 |   1 |  302.0 |
         Abyss |    302 |    302 |      0 |    171 |     66 |   1 |  302.0 |
               +--------+--------+--------+--------+--------+-----+--------+

Top non-repeatable levels by time:
 Abyss:1: 302 daAuts
